Map: Dusty Gorge

Players

NecroProto - Winner!

  • Race: Protoss Protoss
  • League: Diamond
  • Spawn Location: 5:00

OzKarhAl - Winner!

  • Race: Protoss Protoss
  • Spawn Location: 3:00

MonstroTown

  • Race: Terran Terran
  • Spawn Location: 9:00

Michael

  • Race: Zerg Zerg
  • Spawn Location: 11:00

VOD

Have the link to the VOD?

Description

Time

  • Played on: Sept. 2, 2018, 1:35 a.m.
  • Length: 10:28
Show
View Real Time Build Order
Export as new Build Order

NecroProto Protoss - Winner!

Build Orders:  

Get SALT Encoding   

  12  0:01  Probe  
  13  0:17  Pylon  
  13  0:18  Probe  
  14  0:27  Probe  
  15  0:36  Probe, Gateway  
  16  0:47  Assimilator  
  16  0:48  Probe  
  17  1:00  Probe  
  17  1:03  Gateway  
  17  1:09  Probe  
  19  1:23  Cybernetics Core  
  19  1:25  Probe  
  19  1:31  Pylon  
  20  1:37  Assimilator  
  20  1:39  Probe  
  21  1:51  Warp Gate  
  21  1:55  Adept, Gateway  
  21  1:56  Probe  
  24  2:11  Adept  
  26  2:18  Pylon  
  26  2:32  Adept  
  28  2:38  Adept  
  30  2:47  Adept  
  32  2:59  Adept  
  32  3:02  Robotics Facility  
  32  3:04  Probe  
  35  3:38  Nexus  
  35  3:51  Observer  
  36  4:08  Pylon  
  30  4:36  Immortal  
  24  4:46  Probe  
  24  4:52  Probe  
  30  4:54  Probe  
  31  5:00  Adept x3  
  31  5:04  Probe x2  
  31  5:06  Assimilator  
  39  5:10  Assimilator  
  39  5:16  Probe x2  
  41  5:29  Probe, Warp Prism  
  41  5:34  Adept x3  
  40  6:43  Stalker x2  
  40  6:44  Stalker  
  40  6:45  Immortal  
  44  7:04  Gateway  
  44  7:05  Gateway  
  44  7:08  Pylon  
  44  7:11  Stalker x2, Pylon  
  44  7:12  Stalker  
  50  7:16  Robotics Bay  
  50  7:19  Probe x2, Pylon  
  52  7:25  Twilight Council  
  52  7:26  Pylon  
  52  7:31  Probe x2  
  52  7:36  Pylon  
  54  7:38  Stalker  
  54  7:40  Probe  
  54  7:43  Probe, Sentry x2  
  62  7:48  Immortal  
  62  7:49  Probe  
  62  7:55  Probe  
  61  8:18  Blink  
  61  8:21  Colossus  
  61  8:26  Forge  
  63  9:05  Stalker x2  
  63  9:06  Stalker  
  63  9:30  Stalker x2  
  63  9:31  Stalker  
  63  9:43  Warp Prism  
  65  9:58  Forge  
  65  10:01  Dark Shrine  
  65  10:02  Probe x2  
  67  10:10  Probe x2  
Show
View Real Time Build Order
Export as new Build Order

OzKarhAl Protoss - Winner!

Build Orders:  

Get SALT Encoding   

  12  0:02  Probe  
  13  0:10  Probe  
  14  0:19  Probe  
  14  0:23  Pylon  
  15  0:41  Probe  
  16  0:43  Gateway  
  16  0:52  Probe  
  17  0:57  Gateway  
  17  1:00  Probe  
  18  1:08  Probe  
  18  1:09  Assimilator  
  19  1:20  Pylon  
  19  1:28  Forge  
  19  1:36  Cybernetics Core  
  19  1:39  Probe  
  20  1:46  Assimilator  
  20  2:06  Photon Cannon  
  20  2:12  Probe  
  20  2:16  Shield Battery  
  20  2:20  Probe  
  21  2:23  Photon Cannon  
  21  2:26  Warp Gate  
  22  2:31  Probe  
  22  2:32  Shield Battery  
  23  2:43  Probe  
  24  2:55  Probe  
  25  2:59  Stalker x2  
  29  3:21  Pylon  
  29  3:39  Probe  
  29  3:40  Gateway x2  
  30  3:43  Twilight Council  
  30  3:51  Probe  
  30  3:53  Protoss Ground Weapons Level 1  
  29  4:39  Stalker x2  
  29  4:40  Stalker x2  
  29  4:44  Charge  
  37  4:57  Shield Battery  
  37  4:59  Nexus  
  37  5:02  Assimilator  
  37  5:04  Shield Battery  
  37  5:16  Photon Cannon  
  37  5:18  Zealot  
  39  5:33  Assimilator  
  39  5:36  Pylon  
  39  5:39  Pylon  
  39  5:42  Pylon  
  31  6:16  Zealot x3  
  31  6:17  Zealot  
  35  6:25  Gateway  
  35  6:28  Gateway  
  35  6:38  Stalker x2  
  39  6:52  Protoss Ground Weapons Level 2  
  39  6:59  Zealot x2  
  43  7:05  Probe  
  43  7:13  Probe  
  44  7:20  Photon Cannon  
  45  7:24  Shield Battery  
  45  7:34  Probe  
  45  7:42  Probe  
  46  7:44  Stalker x2, Blink  
  46  7:46  Stalker  
  53  8:04  Probe  
  53  8:06  Probe  
  53  8:07  Photon Cannon  
  55  8:18  Stalker  
  57  8:22  Stalker  
  59  8:33  Pylon  
  59  8:36  Pylon  
  57  9:31  Zealot x5  
  59  9:32  Zealot  
  69  9:54  Zealot x3  
  69  9:55  Zealot x2  
  79  10:06  Pylon  
  79  10:09  Pylon  
Show
View Real Time Build Order
Export as new Build Order

MonstroTown Terran 

Build Orders: Reaper Expand 

Get SALT Encoding   

  12  0:01  SCV  
  13  0:13  SCV  
  14  0:18  Supply Depot  
  14  0:25  SCV  
  15  0:40  SCV  
  15  0:42  Barracks  
  16  0:47  Refinery  
  16  0:52  SCV  
  18  1:04  SCV  
  18  1:16  SCV  
  19  1:31  Reaper  
  20  1:32  Orbital Command  
  20  1:46  Command Center  
  20  1:58  SCV  
  21  2:09  Barracks Reactor  
  21  2:10  SCV  
  22  2:18  Supply Depot  
  22  2:22  Barracks  
  22  2:29  SCV  
  23  2:36  Factory  
  22  2:41  SCV  
  23  2:46  Marine x2  
  25  2:54  SCV  
  25  3:02  Refinery  
  25  3:07  Engineering Bay, SCV  
  25  3:08  Engineering Bay, Marine x2  
  28  3:14  Barracks Tech Lab  
  28  3:20  Orbital Command  
  28  3:28  Factory Tech Lab  
  28  3:30  Marine x2  
  30  3:40  Missile Turret  
  30  3:44  Marine  
  30  3:48  Siege Tank  
  34  3:58  SCV x2  
  36  4:03  Missile Turret  
  36  4:10  SCV x2  
  34  4:42  Marine x2  
  34  4:43  Marauder  
  34  4:45  Supply Depot  
  36  4:50  Starport  
  36  4:51  Supply Depot  
  36  4:56  SCV x2  
  38  5:02  Siege Tank  
  38  5:04  Refinery  
  41  5:08  SCV  
  41  5:10  Marine  
  41  5:11  Marine  
  44  5:16  Stimpack  
  44  5:27  SCV x2  
  46  5:36  Terran Infantry Weapons Level 1  
  46  5:39  SCV  
  47  5:46  Medivac  
  36  6:07  Marine x3  
  36  6:10  Widow Mine  
  35  6:22  SCV x2  
  35  6:34  SCV x2  
  33  6:46  SCV x2  
  34  6:58  Siege Tank, SCV x2  
  34  6:59  Marine x2  
  34  7:00  Marauder  
  42  7:07  Barracks x3  
  42  7:10  SCV x2  
  42  7:12  Viking  
  46  7:20  Marine  
  46  7:21  Marine  
  46  7:22  SCV  
  49  7:40  Armory, Marine x2  
  49  7:42  SCV x2  
  53  7:44  Refinery  
  53  7:54  SCV  
  52  8:12  Marine  
  52  8:13  Barracks Tech Lab, Marine x2  
  55  8:20  Barracks Reactor  
  55  8:23  Starport Reactor  
  55  8:27  Starport  
  55  8:43  Barracks Reactor  
  45  8:59  Marine  
  45  9:00  Marine x5  
  45  9:02  Widow Mine  
  48  9:04  Viking x2  
  40  9:27  Supply Depot  
  40  9:28  Supply Depot  
  31  9:38  Marine  
  23  9:40  Marine  
  23  9:48  Marine x2  
  20  10:06  Marine  
Show
View Real Time Build Order
Export as new Build Order

Michael Zerg 

Build Orders: Hatch First 

Get SALT Encoding   

  12  0:01  Drone  
  13  0:12  Overlord  
  13  0:18  Drone  
  14  0:31  Drone x2  
  14  0:34  Drone  
  17  0:45  Drone  
  18  1:00  Hatchery  
  18  1:02  Drone  
  18  1:08  Extractor  
  17  1:18  Spawning Pool  
  16  1:21  Drone  
  16  1:24  Drone  
  18  1:29  Drone  
  19  1:39  Drone  
  20  1:49  Overlord  
  20  2:06  Queen  
  22  2:09  Metabolic Boost  
  22  2:12  Queen  
  22  2:13  Zergling x2  
  25  2:16  Zergling x2  
  25  2:18  Zergling x2  
  26  2:33  Drone x3  
  26  2:36  Drone  
  30  2:45  Drone x2  
  32  2:52  Queen  
  34  2:58  Queen  
  33  3:23  Zergling x4  
  33  3:27  Overlord x3  
  35  3:36  Drone  
  36  3:43  Lair  
  36  3:44  Roach Warren  
  35  3:50  Spore Crawler, Evolution Chamber  
  35  3:55  Spore Crawler  
  32  3:57  Spore Crawler  
  32  4:00  Spore Crawler  
  32  4:01  Drone  
  31  4:04  Drone  
  32  4:15  Zergling x2  
  32  4:16  Zergling x4  
  35  4:19  Zergling x2  
  36  4:30  Zergling x8  
  38  4:33  Drone  
  38  4:36  Drone  
  40  4:49  Glial Reconstitution  
  40  4:52  Zerg Ground Armor Level 1  
  40  4:55  Drone  
  40  4:57  Drone  
  40  4:59  Drone  
  43  5:04  Extractor  
  42  5:17  Hatchery  
  41  5:22  Drone x2  
  41  5:24  Drone  
  41  5:26  Drone  
  45  5:29  Drone  
  45  5:33  Extractor  
  45  5:34  Extractor, Drone  
  45  5:36  Drone  
  45  5:38  Drone  
  46  5:51  Hydralisk Den  
  46  5:53  Zergling x8  
  49  5:59  Zergling x4  
  49  6:00  Zergling x2  
  46  6:44  Queen  
  46  6:45  Drone x2  
  46  6:46  Drone x4  
  51  6:51  Drone x3  
  49  7:08  Muscular Augments  
  49  7:09  Zerg Missile Weapons Level 1  
  49  7:16  Drone  
  49  7:17  Drone x2  
  49  7:18  Infestation Pit  
  49  7:20  Queen  
  53  7:23  Drone x10  
  53  7:26  Extractor  
  53  7:27  Extractor  
  53  7:28  Spore Crawler  
  53  7:29  Spore Crawler  
  59  7:31  Spine Crawler x2  
  57  7:37  Hydralisk x3  
  57  7:38  Hydralisk  
  65  7:54  Overlord  
  65  7:55  Overlord x2  
  65  8:01  Spire  
  64  8:06  Overlord  
  64  8:07  Overlord x4  
  64  8:19  Grooved Spines  
  64  8:30  Drone x3  
  64  8:32  Drone x2  
  64  8:33  Drone  
  71  8:34  Drone x3  
  71  8:35  Drone  
  71  8:40  Spore Crawler  
  73  8:43  Hive  
  73  8:50  Hydralisk x7  
  73  8:52  Evolution Chamber  
  86  8:56  Roach x2  
  86  9:10  Hydralisk x3  
  86  9:11  Hydralisk  
  88  9:29  Hydralisk x5  
  84  9:41  Roach x3  
  86  9:48  Hydralisk x4  
  86  9:51  Roach x2  
  97  9:52  Zergling x2  
  97  9:53  Zergling x10  
Tags
 
Add a new tag
Caveats
  • Supply blocks, unpowered buildings, or Contaminate may cause inaccurate times.
  • Supply counts are checked every 10 seconds.